 Dungeon Crawl Stone Soup version 0.21.1-1-g345015f (webtiles) character file.

274 Lilu the Destroyer (level 6, 0/32 HPs)
             Began as a Deep Elf Conjurer on July 28, 2018.
             Slain by Natasha (1 damage)
             ... on level 3 of the Dungeon.
             The game lasted 00:12:16 (3210 turns).

Lilu the Destroyer (Deep Elf Conjurer)              Turns: 3210, Time: 00:12:17

Health: 0/32       AC:  5    Str:  7    XL:     6   Next: 3%
Magic:  1/12       EV: 13    Int: 25    God:
Gold:   124        SH:  0    Dex: 15    Spells: 4/11 levels left

rFire    . . .     SeeInvis .   u - +0 quarterstaff
rCold    . . .     Gourm    +   (shield currently unavailable)
rNeg     . . .     Faith    .   a - +0 robe
rPois    .         Spirit   .   w - +0 helmet
rElec    .         Reflect  .   l - +0 cloak
rCorr    .         Harm     .   (no gloves)
MR       .....                  p - +0 pair of boots
Stlth    ++........             s - amulet of the gourmand (curse)
HPRegen  0.10/turn              (no ring)
MPRegen  0.13/turn              (no ring)

@: brilliant, slowed, very slow
A: no striking features
a: no special abilities


You were on level 3 of the Dungeon.
You were not hungry.

You visited 1 branch of the dungeon, and saw 3 of its levels.

You collected 124 gold pieces.

Inventory:

Hand Weapons
 d - a +0 whip
 u - a +0 quarterstaff (weapon)
Missiles
 e - 27 stones (quivered)
Armour
 a - a +0 robe (worn)
 l - a +0 cloak (worn)
 p - a +0 pair of boots (worn)
 v - a cursed +0 buckler
 w - a +0 helmet (worn)
Jewellery
 s - a cursed amulet of the gourmand (around neck)
Scrolls
 f - a scroll of noise {unknown}
 g - a scroll of amnesia {unknown}
 h - a scroll of immolation {unknown}
 i - 2 scrolls of enchant weapon {unknown}
 j - 2 scrolls of remove curse {unknown}
 m - a scroll of identify {unknown}
 o - 2 scrolls of blinking {unknown}
 q - a scroll of random uselessness {unknown}
 r - a scroll of magic mapping {unknown}
 t - a scroll of enchant armour {unknown}
Potions
 k - a potion of flight {unknown}
 x - a potion of magic {unknown}
 z - a potion of heal wounds {unknown}
Books
 b - a book of Conjurations

   Spells                             Type                      Level
   a - Magic Dart                     Conjuration                  1
   b - Searing Ray                    Conjuration                  2
   c - Dazzling Spray                 Conjuration/Hexes            3
   d - Fulminant Prism                Conjuration/Hexes            4
   e - Force Lance                    Conjuration/Translocation    4
   f - Iskenderun's Mystic Blast      Conjuration                  4
Comestibles
 c - 5 rations


   Skills:
 - Level 2.4 Dodging
 - Level 2.4 Stealth
 + Level 3.2 Spellcasting
 - Level 8.0 Conjurations


You had 4 spell levels left.
You knew the following spells:

 Your Spells              Type           Power        Failure   Level  Hunger
a - Magic Dart            Conj           ####         1%          1    None
b - Searing Ray           Conj           ######       1%          2    #......
c - Iskenderun's Mystic   Conj           ######..     1%          4    ####...


Dungeon Overview and Level Annotations

Branches:
Dungeon (3/15)

Altars:

Annotations:
D:3 Natasha; snakesoul's ghost, amateur GrFi


Message History

Natasha barely misses you. Snakesoul's ghost hits you.
A bat comes into view.
Natasha stares at you and mumbles some strange words.
The magic dart hits you!
* * * LOW HITPOINT WARNING * * *
Natasha barely misses you. Natasha misses you. The bat closely misses you.
Natasha casts a spell at you. You resist with some effort. Natasha misses you.
The bat closely misses you. Snakesoul's ghost hits you.
* * * LOW HITPOINT WARNING * * *
The bat closely misses you. Natasha claws you.
* * * LOW HITPOINT WARNING * * *
Natasha closely misses you.
It was a potion of brilliance.
You feel clever all of a sudden. Natasha claws you but does no damage.
Natasha barely misses you.
Natasha extends her claws.
Natasha claws you.
You die...

#.######### #.# #.?.W.....#####.#
###### ###### ....####........#
#..... .....# # #.......#######
#.#.#. ####.# ######[..# ##.#.#.
####.### #...# #....#. #......#
#...# ####..###. #.##.#.### #..)#
#......... #.##.#.#.##
#@..#####.##.#.### ..##....#.#
#hW...)...##.#.###
..#.##.#.#######...####..##......
...#.#.#........b..............#.
..###.......................)..#.
.#.#.#..#........................
.##.##..######.#....###.###.##.#.
.##.##..#### #.#........# #.##.#.
###.#......# #.#....##### #.#..#.


You could see Natasha, snakesoul's ghost and a bat.

Vanquished Creatures
  Natasha (D:3)
  2 orc wizards (D:3)
  8 gnolls (D:2)
  4 adders
  2 oozes (D:3)
  A worm (D:2)
  3 dart slugs (D:1)
  2 leopard geckos
  An orc (D:3)
  6 giant cockroaches
  10 goblins
  5 hobgoblins
  6 jackals
  2 quokkas
  A ball python (D:2)
  5 bats
  A frilled lizard (D:1)
  4 kobolds
  7 rats
  A fungus (D:1)
72 creatures vanquished.

Notes
Turn   | Place    | Note
-------+----------+-------------------------------------------
     0 | D:1      | Lilu the Deep Elf Conjurer began the quest for the Orb.
     0 | D:1      | Reached XP level 1. HP: 10/10 MP: 6/6
   380 | D:1      | Reached XP level 2. HP: 15/15 MP: 6/8
   422 | D:1      | Reached skill level 5 in Conjurations
   902 | D:1      | Reached XP level 3. HP: 13/19 MP: 3/9
  1281 | D:2      | Learned a level 2 spell: Searing Ray
  1300 | D:2      | Reached skill level 6 in Conjurations
  1301 | D:2      | Reached XP level 4. HP: 24/24 MP: 3/10
  1727 | D:2      | Reached skill level 7 in Conjurations
  1975 | D:2      | Reached XP level 5. HP: 28/28 MP: 6/11
  2087 | D:2      | Learned a level 4 spell: Iskenderun's Mystic Blast
  2849 | D:3      | Noticed snakesoul's ghost (amateur GrFi)
  3058 | D:3      | Noticed Natasha
  3064 | D:3      | Killed Natasha
  3064 | D:3      | Reached skill level 8 in Conjurations
  3064 | D:3      | Reached XP level 6. HP: 32/32 MP: 5/12
  3198 | D:3      | Noticed Natasha
  3208 | D:3      | HP: 1/32 [Natasha (4)]
  3210 | D:3      | Slain by Natasha

Skill      XL: |  1  2  3  4  5 |
---------------+----------------+-----
Conjurations   | 5 6 7 8 |  8.0
Dodging        | |  2.4
Stealth        | |  2.4
Spellcasting   | |  3.2

Action                   |  1- 3 |  4- 6 || total
-------------------------+-------+-------++-------
Melee: Whip              |    45 |    19 ||    64
 Cast: Magic Dart        |    58 |    58 ||   116
       Searing Ray       |     1 |     7 ||     8
       Iskenderun's Myst |       |     7 ||     7
  Use: Potion            |       |     1 ||     1
  Eat: Chunk             |     1 |    15 ||    16
Armor: Robe              |     2 |    11 ||    13
Dodge: Dodged            |    14 |    36 ||    50
